[ AOE2 MATCH · #505673196 ]
UnrankedJurchens vs Japanese
Player's team · WIN
Rival team · LOSS
[ REPLAY ANALYSIS · EXTRACTED FROM THE RECORDED GAME ]
Feudal
8:26
Castle
—
Imperial
—
| APM avg | 64.6 |
| APM peak | 83 |
| eAPM avg | 24.2 |
| Villagers / military | 55 / 17 |
Focus
⚔️ 33.0% · 🌾 67.0%
Archer ×11 · Scout Cavalry ×6
Feudal
10:07
Castle
—
Imperial
—
| APM avg | 51.9 |
| APM peak | 80 |
| eAPM avg | 25.9 |
| Villagers / military | 56 / 17 |
Focus
⚔️ 34.0% · 🌾 66.0%
Militia ×8 · Skirmisher ×6 · Spearman ×3
Match map
Initial resources + every placement click. Lines = walls · curves = elevation contours. ◆ gold · ⬟ stone · ● berries · ✦ relic · ◌ wall gap
Your base· Open — 11t gap
wR.Monoz's base· Open — unwalled flank
Smoothed initial terrain · ◌ = detected wall gap · hover for details
Inputs per minute
— CNZS_98T - - wR.Monoz
Build order — CNZS_98T
122 actions detected in the replay
| 0:01 | Create | Villager (Male) |
| 0:01 | Create | Villager (Male) |
| 0:01 | Create | Villager (Male) |
| 0:02 | Create | Villager (Male) |
| 0:02 | Build | House |
| 0:04 | Build | House |
| 1:29 | Create | Villager (Male) |
| 1:29 | Create | Villager (Male) |
| 1:35 | Create | Villager (Male) |
| 1:35 | Create | Villager (Male) |
| 2:04 | Build | Lumber Camp |
| 2:13 | Create | Villager (Male) |
| 2:13 | Create | Villager (Male) |
| 2:27 | Create | Villager (Male) |
| 2:27 | Create | Villager (Male) |
| 2:39 | Build | House |
| 2:59 | Create | Villager (Male) |
| 3:35 | Create | Villager (Male) |
| 3:58 | Create | Villager (Male) |
| 3:59 | Create | Villager (Male) |
| 3:59 | Create | Villager (Male) |
| 4:30 | Create | Villager (Male) |
| 4:30 | Create | Villager (Male) |
| 5:03 | Create | Villager (Male) |
| 5:03 | Create | Villager (Male) |
| 5:14 | Build | Mill |
| 5:17 | Research | Loom |
| 6:14 | Research | Feudal Age |
| 7:18 | Build | House |
| 8:05 | Build | Barracks |
| 8:24 | Create | Villager (Male) |
| 8:26 | Age | Feudal Age |
| 8:50 | Create | Villager (Male) |
| 8:55 | Build | Stable |
| 8:58 | Create | Villager (Male) |
| 9:07 | Build | House |
| 9:11 | Create | Villager (Male) |
| 9:30 | Build | House |
| 9:32 | Create | Scout Cavalry |
| 9:39 | Build | House |
| 9:40 | Create | Villager (Male) |
| 9:45 | Create | Scout Cavalry |
| 9:52 | Create | Villager (Male) |
| 9:59 | Research | Double-Bit Axe |
| 9:59 | Research | Double-Bit Axe |
| 10:04 | Build | House |
| 10:13 | Build | Palisade Wall |
| 10:14 | Create | Villager (Male) |
| 10:26 | Build | House |
| 10:31 | Create | Villager (Male) |
| 10:40 | Build | Palisade Wall |
| 11:01 | Build | House |
| 11:07 | Build | House |
| 11:12 | Build | House |
| 11:14 | Build | House |
| 11:16 | Build | House |
| 11:22 | Build | House |
| 11:24 | Build | Palisade Wall |
| 11:29 | Create | Villager (Male) |
| 11:33 | Create | Scout Cavalry |
| 12:09 | Create | Villager (Male) |
| 12:23 | Create | Villager (Male) |
| 12:29 | Build | Lumber Camp |
| 12:44 | Create | Villager (Male) |
| 12:53 | Build | Watch Tower |
| 12:58 | Create | Villager (Male) |
| 13:10 | Create | Villager (Male) |
| 13:30 | Build | Archery Range |
| 13:34 | Build | Palisade Wall |
| 13:36 | Create | Villager (Male) |
| 14:22 | Build | Farm |
| 14:24 | Build | Mining Camp |
| 14:35 | Create | Archer |
| 14:39 | Create | Villager (Male) |
| 14:56 | Build | Farm |
| 15:05 | Create | Villager (Male) |
| 15:05 | Create | Villager (Male) |
| 15:08 | Create | Villager (Male) |
| 15:10 | Build | Farm |
| 15:28 | Create | Archer |
| 15:31 | Create | Villager (Male) |
| 15:33 | Create | Villager (Male) |
| 15:34 | Create | Villager (Male) |
| 15:35 | Build | Farm |
| 15:56 | Create | Scout Cavalry |
| 16:00 | Create | Archer |
| 16:10 | Create | Villager (Male) |
| 16:21 | Create | Villager (Male) |
| 16:29 | Build | Farm |
| 16:30 | Build | Farm |
| 16:31 | Build | Farm |
| 16:33 | Build | Farm |
| 16:40 | Create | Archer |
| 16:50 | Create | Villager (Male) |
| 17:01 | Create | Scout Cavalry |
| 17:04 | Create | Archer |
| 17:14 | Build | Blacksmith |
| 17:18 | Create | Archer |
| 17:25 | Create | Villager (Male) |
| 17:34 | Build | Farm |
| 17:35 | Create | Villager (Male) |
| 17:48 | Build | Palisade Wall |
| 17:51 | Build | Palisade Wall |
| 17:58 | Create | Villager (Male) |
| 18:01 | Build | Farm |
| 18:05 | Build | Palisade Wall |
| 18:07 | Research | Fletching |
| 18:07 | Create | Archer |
| 18:17 | Create | Villager (Male) |
| 18:21 | Build | Mining Camp |
| 18:37 | Create | Archer |
| 18:49 | Create | Villager (Male) |
| 18:55 | Create | Scout Cavalry |
| 19:01 | Create | Villager (Male) |
| 19:02 | Create | Archer |
| 19:24 | Create | Villager (Male) |
| 19:26 | Create | Archer |
| 19:30 | Create | Villager (Male) |
| 19:32 | Build | Farm |
| 19:36 | Build | Market |
| 19:37 | Create | Villager (Male) |
| 19:48 | Create | Archer |
Build order — wR.Monoz
138 actions detected in the replay
| 0:00 | Create | Villager (Male) |
| 0:00 | Create | Villager (Male) |
| 0:01 | Create | Villager (Male) |
| 0:01 | Build | House |
| 0:02 | Build | House |
| 0:09 | Create | Villager (Male) |
| 0:10 | Create | Villager (Male) |
| 1:07 | Create | Villager (Male) |
| 1:08 | Create | Villager (Male) |
| 1:50 | Build | Lumber Camp |
| 1:50 | Create | Villager (Male) |
| 1:50 | Create | Villager (Male) |
| 2:05 | Create | Villager (Male) |
| 2:05 | Create | Villager (Male) |
| 2:29 | Create | Villager (Male) |
| 2:29 | Create | Villager (Male) |
| 2:29 | Create | Villager (Male) |
| 2:59 | Create | Villager (Male) |
| 2:59 | Create | Villager (Male) |
| 3:36 | Create | Villager (Male) |
| 3:38 | Build | House |
| 3:40 | Create | Villager (Male) |
| 3:51 | Build | Mill |
| 4:31 | Research | Loom |
| 4:52 | Create | Villager (Male) |
| 5:05 | Build | Barracks |
| 5:12 | Create | Villager (Male) |
| 5:29 | Build | House |
| 5:38 | Create | Villager (Male) |
| 6:02 | Create | Militia |
| 6:02 | Create | Militia |
| 6:02 | Create | Militia |
| 6:12 | Create | Villager (Male) |
| 6:36 | Create | Villager (Male) |
| 6:46 | Create | Villager (Male) |
| 7:20 | Create | Villager (Male) |
| 7:49 | Build | Mining Camp |
| 7:57 | Research | Feudal Age |
| 7:58 | Research | Feudal Age |
| 7:58 | Research | Feudal Age |
| 8:09 | Build | Lumber Camp |
| 8:10 | Build | Mill |
| 8:22 | Create | Villager (Male) |
| 8:38 | Create | Militia |
| 8:38 | Create | Militia |
| 8:58 | Build | House |
| 9:14 | Create | Militia |
| 9:14 | Create | Militia |
| 9:14 | Create | Militia |
| 9:45 | Create | Villager (Male) |
| 9:49 | Build | Farm |
| 10:07 | Age | Feudal Age |
| 10:08 | Build | Watch Tower |
| 10:10 | Research | Man-at-Arms (upgrade) |
| 10:11 | Research | Double-Bit Axe |
| 10:13 | Research | Double-Bit Axe |
| 10:23 | Build | Farm |
| 10:39 | Create | Villager (Male) |
| 10:40 | Create | Villager (Male) |
| 10:40 | Create | Villager (Male) |
| 10:41 | Build | Farm |
| 10:50 | Build | Farm |
| 11:19 | Create | Villager (Male) |
| 11:21 | Create | Spearman |
| 11:34 | Create | Villager (Male) |
| 11:38 | Build | Farm |
| 11:41 | Build | Farm |
| 11:50 | Create | Villager (Male) |
| 11:55 | Build | Farm |
| 11:58 | Build | Palisade Wall |
| 11:59 | Build | Palisade Wall |
| 12:02 | Build | Mining Camp |
| 12:03 | Create | Spearman |
| 12:06 | Build | House |
| 12:11 | Build | Palisade Wall |
| 12:16 | Build | Palisade Wall |
| 12:16 | Build | Palisade Wall |
| 12:21 | Build | Palisade Wall |
| 12:21 | Build | Palisade Wall |
| 12:26 | Build | Palisade Wall |
| 12:27 | Create | Villager (Male) |
| 12:34 | Build | Palisade Wall |
| 12:35 | Build | Palisade Wall |
| 12:37 | Build | House |
| 12:44 | Create | Spearman |
| 12:49 | Build | House |
| 12:57 | Create | Villager (Male) |
| 13:08 | Build | House |
| 13:27 | Create | Villager (Male) |
| 13:31 | Build | Farm |
| 13:45 | Build | Watch Tower |
| 13:50 | Build | House |
| 13:55 | Build | Blacksmith |
| 13:55 | Create | Villager (Male) |
| 13:58 | Build | House |
| 14:04 | Create | Villager (Male) |
| 14:15 | Create | Villager (Male) |
| 14:17 | Research | Horse Collar |
| 14:17 | Research | Horse Collar |
| 14:20 | Build | Farm |
| 14:51 | Create | Villager (Male) |
| 14:51 | Create | Villager (Male) |
| 14:52 | Create | Villager (Male) |
| 15:13 | Build | Farm |
| 15:15 | Build | Farm |
| 15:16 | Build | Farm |
| 15:17 | Create | Villager (Male) |
| 15:17 | Create | Villager (Male) |
| 15:17 | Create | Villager (Male) |
| 15:38 | Build | Farm |
| 15:38 | Create | Villager (Male) |
| 15:41 | Build | Farm |
| 16:00 | Build | Palisade Gate |
| 16:15 | Create | Villager (Male) |
| 16:27 | Create | Villager (Male) |
| 16:34 | Build | Archery Range |
| 16:53 | Build | Farm |
| 17:11 | Create | Villager (Male) |
| 17:13 | Create | Villager (Male) ×5 |
| 17:19 | Build | Lumber Camp |
| 17:24 | Build | Farm |
| 17:29 | Create | Skirmisher |
| 17:29 | Create | Skirmisher |
| 17:39 | Research | Fletching |
| 17:40 | Create | Skirmisher |
| 17:40 | Create | Skirmisher |
| 17:58 | Build | Farm |
| 18:11 | Create | Villager (Male) |
| 18:12 | Create | Skirmisher |
| 18:17 | Research | Fletching |
| 18:34 | Build | Farm |
| 19:02 | Build | House |
| 19:05 | Build | House |
| 19:12 | Build | Farm |
| 19:28 | Build | House |
| 19:30 | Build | House |
| 19:33 | Create | Villager (Male) |
| 19:46 | Create | Skirmisher |
Match timeline
| 5:05 | wR.Monoz · first_building Barracks |
| 8:05 | CNZS_98T · first_building Barracks |
| 8:26 | CNZS_98T · age_up feudal |
| 8:55 | CNZS_98T · first_building Stable |
| 10:07 | wR.Monoz · age_up feudal |
| 10:13 | CNZS_98T · wall_segment Palisade Wall x3 |
| 10:40 | CNZS_98T · wall_segment Palisade Wall x1 |
| 11:24 | CNZS_98T · wall_segment Palisade Wall x1 |
| 11:58 | wR.Monoz · wall_segment Palisade Wall x5 |
| 11:59 | wR.Monoz · wall_segment Palisade Wall x5 |
| 12:11 | wR.Monoz · wall_segment Palisade Wall x1 |
| 12:16 | wR.Monoz · wall_segment Palisade Wall x7 |
| 12:16 | wR.Monoz · wall_segment Palisade Wall x1 |
| 12:21 | wR.Monoz · wall_segment Palisade Wall x11 |
| 12:21 | wR.Monoz · wall_segment Palisade Wall x1 |
| 12:26 | wR.Monoz · wall_segment Palisade Wall x6 |
| 12:34 | wR.Monoz · wall_segment Palisade Wall x1 |
| 12:35 | wR.Monoz · wall_segment Palisade Wall x1 |
| 13:30 | CNZS_98T · first_building Archery Range |
| 13:34 | CNZS_98T · wall_segment Palisade Wall x14 |
| 16:34 | wR.Monoz · first_building Archery Range |
| 17:48 | CNZS_98T · wall_segment Palisade Wall x6 |
| 17:51 | CNZS_98T · wall_segment Palisade Wall x11 |
| 18:05 | CNZS_98T · wall_segment Palisade Wall x1 |
| 19:56 | wR.Monoz · resign |
[ AI ANALYSIS · 1 CREDIT ]
What really happened in this match?
Wolo.gg analyzes every decision: build order, eco, micro, common mistakes by bracket. Personalized analysis on WhatsApp or Discord in 30 seconds.
Civ guide
Jurchens
Perfil
Jugador #25365699